 Dungeon Crawl Stone Soup version 0.17-a0-1378-g281efdd (webtiles) character file.

343 Fluffy the Cudgeler (level 6, -5/37 HPs)
             Began as a Gargoyle Fighter on June 14, 2015.
             Killed by divine providence
             ... invoked by an orc priest
              (10 damage)
             ... on level 4 of the Dungeon.
             The game lasted 00:04:47 (2678 turns).

Fluffy the Cudgeler (Gargoyle Fighter)              Turns: 2678, Time: 00:04:47

Health: -5/37      AC: 13    Str: 19    XL:     6   Next: 57%
Magic:  6/6        EV:  5    Int:  9    God:
Gold:   158        SH:  9    Dex: 11    Spells: 0 memorised, 5 levels left

rFire  . . .     SeeInvis .     a - +0 flail
rCold  . . .     Clarity  .     r - +0 chain mail
rNeg   + . .     SustAt   .     c - +0 shield
rPois  ∞         Gourm    .     (no helmet)
rElec  +         Spirit   .     (no cloak)
rCorr  .         Warding  .     (no gloves)
rMut   .         Stasis   .     (no boots)
MR     .....                    (no amulet)
Stlth  ..........               (no ring)
                                (no ring)

@: not resistant to hostile enchantments, extremely unstealthy
A: negative energy resistance 1, electricity resistance, unbreathing,
petrification resistance, rot immunity, AC +4
a: no special abilities


You were on level 4 of the Dungeon.
You were not hungry.

You visited 1 branch of the dungeon, and saw 4 of its levels.

You collected 158 gold pieces.

Inventory:

Hand weapons
 a - a +0 flail (weapon)
Armour
 c - a +0 shield (worn)
 r - a +0 chain mail (worn)
Jewellery
 m - an uncursed ring of ice
Magical devices
 b - a wand of digging (11)
 d - a wand of fireball (7)
 p - a wand of frost (16)
 q - a wand of flame (9)
Scrolls
 f - a scroll of recharging {unknown}
 j - 2 scrolls of remove curse {unknown}
 k - a scroll of enchant armour {unknown}
 o - a scroll of magic mapping {unknown}
 s - 2 scrolls of identify {unknown}
 t - a scroll of random uselessness {unknown}
Potions
 g - 3 potions of curing {unknown}
 i - 2 potions of invisibility {unknown}
 n - a potion of brilliance {unknown}
Comestibles
 e - 2 bread rations
 h - a meat ration
 l - 2 beef jerkies


   Skills:
 - Level 3.2 Fighting
 + Level 6.8 Maces & Flails
 - Level 3.2 Armour
 - Level 3.2 Shields


You had 5 spell levels left.
You didn't know any spells.

Dungeon Overview and Level Annotations

Branches:
Dungeon (4/15)
 Temple: D:4-7

Altars:
Fedhas
Makhleb
Vehumet


Innate Abilities, Weirdness & Mutations

You are resistant to torment.
Your stone body is resilient (AC +4).
You are immune to poison.
You resist negative energy.
You are resistant to electric shocks.
You can survive without breathing.
You are immune to petrification.
You are immune to rotting.


Message History

The orc wizard hits you but does no damage.
You thump the orc wizard!
You kill the orc wizard!
You barely miss the orc priest.
The orc priest hits you with a hand axe.
Your chain mail prevents you from hitting the orc priest.
The orc priest hits you with a hand axe.
You sock the orc priest!
The orc priest is heavily wounded.
The orc priest invokes the aid of Beogh against you.
Something smites you!
* * * LOW HITPOINT WARNING * * *
You closely miss the orc priest.
The orc priest is heavily wounded.
You block the orc priest's attack.
You closely miss the orc priest.
The orc priest is heavily wounded.
The orc priest invokes the aid of Beogh against you.
Something smites you!
You die...

#......#
#......#.
#........
#......##
#......#
#o.....#
#......#
#.####.#
#wo@.#.#
####.# #
.# ##


You could see a worm and an orc priest.

Vanquished Creatures
  Sigmund (D:2)
  The ghost of sqallbeste the Covert, an average SpAs (D:3)
  Terence (D:2)
  An orc wizard (D:4)
  An adder (D:3)
  An ooze (D:2)
  2 worms (D:2)
  3 giant geckos
  5 orcs
  5 hobgoblins
  5 bats
  2 giant cockroaches (D:2)
  7 giant newts
  4 goblins
  8 kobolds
  5 rats
52 creatures vanquished.

Notes
Turn   | Place    | Note
--------------------------------------------------------------
     0 | D:1      | Fluffy the Gargoyle Fighter began the quest for the Orb.
     0 | D:1      | Reached XP level 1. HP: 14/14 MP: 1/1
   416 | D:1      | Reached XP level 2. HP: 19/19 MP: 2/2
  1012 | D:2      | Reached XP level 3. HP: 19/23 MP: 3/3
  1102 | D:2      | Found a burning altar of Makhleb.
  1338 | D:2      | Noticed Sigmund
  1348 | D:2      | Killed Sigmund
  1348 | D:2      | Reached skill level 5 in Maces & Flails
  1348 | D:2      | Reached XP level 4. HP: 25/28 MP: 4/4
  1348 | D:2      | Reached XP level 5. HP: 28/32 MP: 5/5
  1356 | D:2      | Found a faded altar to an unknown god.
  1512 | D:2      | Found a blossoming altar of Fedhas.
  1581 | D:2      | Noticed Terence
  1599 | D:2      | Killed Terence
  1599 | D:2      | Reached skill level 6 in Maces & Flails
  1788 | D:3      | Reached XP level 6. HP: 37/37 MP: 6/6
  1875 | D:3      | Found a radiant altar of Vehumet.
  2267 | D:3      | Noticed sqallbeste's ghost (average SpAs)
  2288 | D:3      | Killed sqallbeste's ghost
  2678 | D:4      | Killed from afar by an orc priest

Vault maps used:
D:1:      lemuel_arrival_lava_pool
D:2:      lemuel_coloured_pillars_altar, lightli_temple_of_fire,
          ecumenical_altar_1, st_stairs_8, uniq_terence, uniq_sigmund
D:3:      vehumet_altar_wand_db
D:4:      serial_shops, nicolae_shop_waterfront, first_bread

Action                   |  1- 3 |  4- 6 || total
-------------------------+-------+-------++-------
Melee: Flail             |    82 |   144 ||   226
  Use: Potion            |     1 |       ||     1
  Eat: Chunk             |     1 |     5 ||     6
